Map: Prion Terraces

Players

AcerBly (Bly) - Winner!

  • Race: Zerg Zerg
  • League: Grandmaster

FireCake

  • Race: Zerg Zerg
  • League: Grandmaster

Event: Gauntlet LotV Series 1 Qualifier 2

VOD

Have the link to the VOD?

Description

Time

  • Played on: Dec. 5, 2015, 6:26 p.m.
  • Length: 6:52

All games in this series

Show
View Real Time Build Order
Export as new Build Order

AcerBly Zerg - Winner!

Build Orders: Pool First, Zergling Baneling 

Get SALT Encoding   

  12  0:01  Drone  
  13  0:11  Drone  
  14  0:15  Extractor  
  13  0:28  Spawning Pool  
  12  0:32  Drone  
  13  0:37  Drone  
  14  0:46  Drone, Extractor  
  15  0:53  Overlord  
  15  1:14  Queen  
  15  1:15  Metabolic Boost  
  17  1:19  Zergling x2  
  17  1:23  Zergling x2  
  19  1:27  Zergling x2  
  20  1:36  Baneling Nest  
  19  1:40  Zergling x2  
  19  1:45  Zergling x2  
  21  2:00  Overlord  
  21  2:11  Zergling x2  
  22  2:21  Baneling x3  
  22  2:23  Zergling x8  
  22  2:27  Baneling  
  26  2:31  Zergling x2  
  28  2:37  Zergling x2  
  28  2:40  Baneling  
  28  2:49  Zergling x2  
  29  2:56  Zergling x2  
  22  3:22  Zergling x6  
  24  3:28  Zergling x6  
  27  3:39  Overlord  
  29  3:42  Baneling x4  
  29  3:49  Zergling x2  
  28  4:02  Drone x2  
  29  4:03  Hatchery  
  29  4:07  Baneling x2  
  24  4:32  Zergling x2  
  24  4:33  Zergling x4  
  24  4:36  Drone x2  
  24  4:37  Drone  
  30  4:41  Baneling  
  30  4:42  Baneling x2  
  30  4:43  Baneling  
  30  4:53  Zergling x2  
  30  4:56  Baneling x2  
  31  5:06  Zergling x2  
  32  5:10  Zergling x6  
  29  5:37  Zergling x8  
  30  5:51  Zergling x6  
  30  5:52  Zergling x6  
  33  5:58  Queen  
  33  6:00  Zergling x2  
  33  6:01  Zergling x2  
  34  6:12  Zergling x8  
  36  6:23  Zergling x2  
  35  6:27  Baneling x7  
  35  6:28  Baneling  
Show
View Real Time Build Order
Export as new Build Order

FireCake Zerg 

Build Orders: Pool First, Zergling Baneling 

Get SALT Encoding   

  12  0:00  Drone  
  13  0:08  Drone  
  14  0:17  Overlord  
  14  0:22  Extractor  
  14  0:23  Drone  
  15  0:35  Drone x2  
  17  0:44  Spawning Pool  
  17  0:47  Drone  
  17  1:02  Extractor  
  16  1:10  Hatchery  
  15  1:14  Drone  
  15  1:17  Drone  
  17  1:24  Drone  
  18  1:32  Queen  
  20  1:37  Drone  
  21  1:43  Overlord  
  21  1:54  Zergling x2  
  22  2:03  Metabolic Boost  
  22  2:07  Queen  
  24  2:11  Spine Crawler  
  24  2:15  Zergling x4  
  25  2:23  Zergling x2  
  25  2:24  Zergling x2  
  27  2:37  Zergling x2  
  28  2:44  Baneling Nest  
  28  2:48  Zergling x2  
  28  3:05  Zergling x6  
  26  3:17  Drone  
  26  3:18  Drone  
  16  3:28  Zergling x2  
  16  3:29  Zergling x6  
  18  3:42  Baneling x2  
  18  3:56  Drone  
  18  4:00  Drone  
  18  4:02  Drone  
  21  4:08  Baneling x2  
  20  4:17  Zergling x2  
  17  4:32  Zergling x4  
  18  4:39  Zergling x4  
  18  4:40  Zergling x2  
  18  4:42  Baneling  
  21  4:50  Baneling, Zergling x2  
  21  4:51  Baneling x2  
  22  5:01  Queen  
  22  5:03  Drone  
  25  5:12  Baneling  
  25  5:13  Baneling  
  14  5:23  Drone  
  14  5:24  Drone x2  
  17  5:28  Drone  
  17  5:40  Drone  
  17  5:46  Drone x2  
  18  5:50  Drone  
  16  6:00  Drone  
  16  6:06  Drone  
  15  6:20  Drone x2  
  15  6:25  Baneling  
  15  6:26  Baneling  
  15  6:35  Zergling x2  
Tags
 
Add a new tag
Caveats
  • Supply blocks, unpowered buildings, or Contaminate may cause inaccurate times.
  • Supply counts are checked every 10 seconds.